AoeStats
← PoofyCastle58

Arena

508921883Analyzed
1v1 RM · 9d ago on Sep 24, 2026· 46m 51s· 2 players
Game mode
Random Map
Map size
Tiny (2 player)
Population
200
Speed
Normal
Resources
Standard
Victory
Conquest
Starting age
Dark Age
Ending age
Imperial Age
RankedLock teamsTeams togetherTeam positionsShared explorationLock speedFull tech treeHidden civsTurbo modeCheats
Victory
Defeat
🇺🇸 Wu · United States
803
+15
🇭🇺 Franks · Hungary
780
-15
oxo
0:38 Loom
10:56 Feudal Age
11:23 Double-Bit Axe
19:17 Castle Age
17:33 Stone Mining
20:23 Husbandry
21:38 Bow Saw
22:55 Gold Mining
25:07 Gold Shaft Mining
25:38 Fervor
29:21 Imperial Age
29:15 Fletching
30:06 Wheelbarrow
31:52 Chemistry
32:29 Cavalier
34:33 Hand Cart
34:04 Town Watch
34:43 Ballistics
34:22 Bodkin Arrow
34:38 Forging
34:35 Scale Barding Armor
34:31 Scale Mail Armor
34:32 Padded Archer Armor
35:21 Squires
34:42 Pikeman
36:32 Town Patrol
37:29 Ordonnance Companies
39:46 Iron Casting
39:29 Leather Archer Armor
45:19 Blast Furnace
44:35 Chain Mail Armor
PoofyCastle58
12:05 Feudal Age
12:21 Feudal Age
13:58 Double-Bit Axe
16:43 Castle Age
15:15 Horse Collar
21:27 Loom
22:21 Wheelbarrow
21:49 Heavy Plow
22:05 Bow Saw
27:36 Imperial Age
28:59 Hand Cart
29:06 Fletching
29:04 Pikeman
31:48 Sitting Tiger
31:46 Bodkin Arrow
32:40 Heavy Plow
33:49 Two-Man Saw
32:52 Halberdier
34:10 Masonry
33:55 Murder Holes
34:08 Scale Mail Armor
34:14 Squires
35:30 Chain Mail Armor
35:26 Forging
36:50 Plate Mail Armor
35:45 Elite Fire Archer
36:46 Conscription
37:12 Architecture
38:31 Iron Casting
37:32 Heavy Hei Guang Cavalry
38:13 Husbandry
37:39 Light Cavalry
38:30 Bloodlines
38:20 Husbandry
39:24 Ballistics
39:13 Bracer
39:14 Padded Archer Armor
39:47 Gold Mining
41:02 Leather Archer Armor
41:48 Blast Furnace
40:57 Hussar
41:49 Scale Barding Armor
43:26 Chemistry
43:36 Chain Barding Armor
45:23 Red Cliffs Tactics
46:17 Plate Barding Armor
46:42 Blast Furnace
45:47 Arson
Connection lost

Rejoining the realm…

Still unreachable

The connection could not be restored.

Session expired

The server has moved on; the page needs a fresh start.